 Dungeon Crawl Stone Soup version 0.29.1-12-g30fa7ad0bf (webtiles) character file.

Game seed: 1265311799434313103

42 xian the Trooper (level 3, -2/40 HPs)
             Began as an Ogre Abyssal Knight on Jan 10, 2023.
             Was a Believer of Lugonu.
             Slain by an iguana (8 damage)
             ... on level 3 of the Dungeon.
             The game lasted 00:02:41 (1408 turns).

xian the Trooper (Ogre Abyssal Knight)              Turns: 1408, Time: 00:02:41

Health: -2/40      AC:  4    Str: 19    XL:     3   Next: 54%
Magic:  4/4        EV: 10    Int: 11    God:    Lugonu [**....]
Gold:   55         SH:  0    Dex:  9    Spells: 2/2 levels left

rFire   . . .      SeeInvis .   a - +1 hand axe
rCold   . . .      Faith    .   (no shield)
rNeg    + . .      Spirit   .   b - +0 robe
rPois   .          Reflect  .   (helmet restricted)
rElec   .          Harm     .   f - +0 cloak
rCorr   .          Rampage  .   (gloves unavailable)
Will    .....                   (boots unavailable)
Stlth   +.........              (no amulet)
HPRegen 0.13/turn               k - ring of positive energy
MPRegen 0.09/turn               (no ring)

@: no status effects
A: large, unfitting armour, tough skin 1
a: Renounce Religion, Depart the Abyss, Bend Space


You were on level 3 of the Dungeon.
You worshipped Lugonu.
Lugonu was pleased with you.
You visited 1 branch of the dungeon, and saw 3 of its levels.
You visited the Abyss 1 time.

You collected 55 gold pieces.

Inventory:

Hand Weapons
 a - a +1 hand axe (weapon)
Armour
 b - a +0 robe (worn)
 f - a +0 cloak (worn)
Jewellery
 k - a ring of positive energy (left hand)
Scrolls
 c - 3 scrolls of immolation {unknown}
 h - a scroll of brand weapon {unknown}
 j - a scroll of enchant weapon {unknown}
 l - a scroll of vulnerability {unknown}
 n - 2 scrolls of noise {unknown}
Potions
 d - a potion of attraction {unknown}
 e - a potion of lignification {unknown}
 g - 2 potions of berserk rage {unknown}
 i - a potion of degeneration {unknown}
 m - a potion of curing {unknown}
 o - a potion of might {unknown}


   Skills:
 + Level 4.6 Fighting
 + Level 2.7 Axes
 + Level 2.6 Dodging
 + Level 2.1 Invocations


You had 2 spell levels left.
You didn't know any spells.
Your spell library was empty.

Dungeon Overview and Level Annotations

Branches:
Dungeon (3/15)

Altars:
Okawaru


Innate Abilities, Weirdness & Mutations

You are too large for most types of armour.
You have tough skin. (AC +1)


Message History

Done exploring.
There is an open door here.
There is a stone staircase leading down here.
You climb downwards.
The iguana hisses angrily.
There is a stone staircase leading up here.
The iguana bites you.
You hit the iguana but do no damage. The iguana bites you.
You hit the iguana.
The iguana is moderately wounded.
The iguana bites you but does no damage.
You hit the iguana but do no damage.
The iguana is moderately wounded.
The iguana bites you.
You hit the iguana.
The iguana is severely wounded.
The iguana barely misses you.
You hit the iguana.
The iguana is severely wounded.
The iguana barely misses you.
You barely miss the iguana.
The iguana is severely wounded.
The iguana bites you! The iguana barely misses you.
You barely miss the iguana.
The iguana is severely wounded.
The iguana closely misses you.
You barely miss the iguana.
The iguana is severely wounded.
The iguana barely misses you.
You closely miss the iguana.
The iguana is severely wounded.
The iguana bites you.
You hit the iguana but do no damage.
The iguana is severely wounded.
The iguana bites you!
* * * LOW HITPOINT WARNING * * *
You hit the iguana.
The iguana is almost dead.
The iguana bites you!
You die...

# .#
#. ..
####.
...
#l#
#@#
#<#
#.#
#.#
#.#
#.#
#..
#..
#..


You could see an iguana.

Vanquished Creatures
  An adder (D:2)
  A dart slug (D:1)
  4 bats
  3 endoplasms
  A giant cockroach (D:2)
  7 goblins
  2 hobgoblins (D:1)
  A kobold (D:1)
  2 ball pythons (D:1)
  4 frilled lizards
  2 rats
28 creatures vanquished.

Notes
Turn   | Place    | Note
-------+----------+-------------------------------------------
     0 | Abyss:1  | xian the Ogre Abyssal Knight began the quest for the Orb.
     0 | Abyss:1  | Reached XP level 1. HP: 24/24 MP: 2/2
     0 | Abyss:1  | Found a corrupted altar of Lugonu.
    21 | Abyss:1  | Noticed a rust devil
    36 | Abyss:2  | Noticed a hellion
    37 | Abyss:2  | Noticed a crimson imp
    47 | D:1      | Escaped the Abyss
   200 | D:1      | Reached XP level 2. HP: 27/33 MP: 3/3
   208 | D:1      | Reached ** piety under Lugonu
   623 | D:1      | Reached XP level 3. HP: 39/40 MP: 4/4
   840 | D:2      | Found an iron altar of Okawaru.
  1408 | D:3      | Slain by an iguana

Illustrated notes

Levels and vault maps discovered:
D:1:      dpeg_arrival_shelter, layout_basic
D:2:      layout_basic, basic_altar, corexii_leaking_fountain
D:3:      layout_basic, amcnicky_altar_gilded, chequers_avenue,
          minmay_misc_feat_nine_boxes, goddamned_bats, uniq_robin, uniq_grinder

Action                   || total
-------------------------++-------
Melee: Hand axe          ||    69
       Punch             ||     2
Invok: Depart the Abyss  ||     1
Armor: Robe              ||    47
Dodge: Dodged            ||    59
